| TOP OF THE 1ST |
|
California State University at Fullerton Titans batting - Pitching for University of Miami Hurricanes : RHP Alberto Arellano
|
|
Pitching: RHP Alberto Arellano
|
|
|
Batting: LHB Mike Fernandez
|
0-0: Ball 1-0: Ball 2-0: Ball 3-0: Called Strike 3-1: Swinging Strike 3-2: Foul Ball, location: 2F 3-2: Foul Ball, location: 2F 3-2: Strikes out looking
|
|
Batting: RHB Zach Warwick
|
0-0: SINGLE (Groundball, 4MD, EV 98.8 MPH) (infield hit)
|
|
Batting: RHB Simon Sultzbach
|
0-0: Called Strike Zach Warwick steals 2nd base (no throw) 0-1: Called Strike 0-2: Strikes out swinging
|
|
Batting: LHB Alberto Aguilar
|
0-0: Swinging Strike 0-1: Called Strike 0-2: Ball 1-2: Strikes out swinging, 2-3 out at first.
|
| Top of the 1st over - 0 runs, 1 hit, 0 errors, 1 left on base; California State University at Fullerton 0 - University of Miami 0 |
| BOTTOM OF THE 1ST |
|
University of Miami Hurricanes batting - Pitching for California State University at Fullerton Titans : RHP Alex Estrada
|
|
Pitching: RHP Alex Estrada
|
|
|
Batting: SHB Taylor Shelton
|
0-0: Called Strike 0-1: Called Strike 0-2: Ball 1-2: Strikes out looking
|
|
Batting: RHB Danny Gallardo
|
0-0: Ball 1-0: Foul Ball, location: 2F 1-1: Fly out, F9 (Flyball, 89M, EV 95.6 MPH)
|
|
Batting: RHB Burke Miller
|
0-0: Ball 1-0: Ground out 5-3 (Groundball, 56, EV 104.4 MPH)
|
| Bottom of the 1st over - 0 runs, 0 hits, 0 errors, 0 left on base; California State University at Fullerton 0 - University of Miami 0 |
| TOP OF THE 2ND |
|
California State University at Fullerton Titans batting - Pitching for University of Miami Hurricanes : RHP Alberto Arellano
|
|
Batting: SHB Jason Pugh
|
0-0: Ball 1-0: Swinging Strike 1-1: Called Strike 1-2: Fly out, F8 (Line Drive, 89D, EV 101.2 MPH)
|
|
Batting: RHB Justin Thomas
|
0-0: Ground out 4-3 (Groundball, 4, EV 89.4 MPH)
|
|
Batting: LHB Steve Lane
|
0-0: Called Strike 0-1: Ground out 6-3 (Groundball, 6, EV 78.8 MPH)
|
| Top of the 2nd over - 0 runs, 0 hits, 0 errors, 0 left on base; California State University at Fullerton 0 - University of Miami 0 |
| BOTTOM OF THE 2ND |
|
University of Miami Hurricanes batting - Pitching for California State University at Fullerton Titans : RHP Alex Estrada
|
|
Batting: LHB Hector Salazar
|
0-0: Ball 1-0: Fly out, F8 (Flyball, 8RD, EV 83.8 MPH)
|
|
Batting: RHB Chris Zubia
|
0-0: Ball 1-0: Fly out, F8 (Flyball, 8LD, EV 100.0 MPH)
|
|
Batting: LHB Addergoole Kartosuwiryo
|
0-0: Called Strike 0-1: Ball 1-1: Foul Ball, location: 2F 1-2: Ball 2-2: Fly out, F8 (Flyball, 78M, EV 92.5 MPH)
|
| Bottom of the 2nd over - 0 runs, 0 hits, 0 errors, 0 left on base; California State University at Fullerton 0 - University of Miami 0 |
| TOP OF THE 3RD |
|
California State University at Fullerton Titans batting - Pitching for University of Miami Hurricanes : RHP Alberto Arellano
|
|
Batting: RHB Alex Freyre
|
0-0: Called Strike 0-1: Ball 1-1: Foul Ball, location: 2F 1-2: Strikes out looking
|
|
Batting: RHB Takayashi Hori
|
0-0: Swinging Strike 0-1: Ball 1-1: Swinging Strike 1-2: SINGLE (Groundball, 4MS, EV 68.8 MPH) (infield hit)
|
|
Batting: LHB Mike Fernandez
|
0-0: Called Strike 0-1: SINGLE (Line Drive, 34, EV 94.4 MPH) Takayashi Hori to second Runner from 2nd tries for 3rd, OUT! 9-5
|
|
Batting: RHB Zach Warwick
|
0-0: Called Strike 0-1: Ground out 4-3 (Groundball, 4, EV 91.9 MPH)
|
| Top of the 3rd over - 0 runs, 2 hits, 0 errors, 1 left on base; California State University at Fullerton 0 - University of Miami 0 |
| BOTTOM OF THE 3RD |
|
University of Miami Hurricanes batting - Pitching for California State University at Fullerton Titans : RHP Alex Estrada
|
|
Batting: RHB Drew Morgenstern
|
0-0: Ball 1-0: Ball 2-0: Ball 3-0: Called Strike 3-1: Called Strike 3-2: Strikes out swinging
|
|
Batting: RHB Mark Kerr
|
0-0: Ball 1-0: Called Strike 1-1: Swinging Strike 1-2: Ball 2-2: Foul Ball, location: 2F 2-2: Strikes out swinging
|
|
Batting: RHB Justin Jackson
|
0-0: Foul Ball, location: 2F 0-1: Ball 1-1: Ball 2-1: Ball 3-1: Foul Ball, location: 2F 3-2: SINGLE (Groundball, 5D, EV 111.2 MPH)
|
|
Batting: SHB Taylor Shelton
|
0-0: Ball 1-0: Called Strike 1-1: Foul Ball, location: 2F 1-2: SINGLE (Groundball, 34D, EV 111.2 MPH) (infield hit) Justin Jackson to second
|
|
Batting: RHB Danny Gallardo
|
0-0: Ball 1-0: Ball 2-0: Called Strike 2-1: Swinging Strike 2-2: Ball 3-2: Base on Balls Justin Jackson to third Taylor Shelton to second
|
|
Batting: RHB Burke Miller
|
0-0: Ball 1-0: Ball 2-0: Called Strike 2-1: Ball 3-1: Foul Ball, location: 2F 3-2: Foul Ball, location: 2F 3-2: GRAND SLAM HOME RUN (Flyball, 9D, EV 96.2 MPH), Distance : 363 ft
|
|
Batting: LHB Hector Salazar
|
0-0: Ball 1-0: Ball 2-0: Foul Ball, location: 2F 2-1: SINGLE (Line Drive, 6D, EV 104.4 MPH)
|
|
Batting: RHB Chris Zubia
|
0-0: Called Strike 0-1: Called Strike 0-2: Ball 1-2: Foul Ball, location: 2F 1-2: Ball 2-2: Ball 3-2: Foul Ball, location: 2F 3-2: Reached on error, E6 (Groundball, 6S, EV 66.9 MPH) Hector Salazar to third
|
|
Batting: LHB Addergoole Kartosuwiryo
|
0-0: Foul Ball, location: 2F 0-1: Ball 1-1: Swinging Strike 1-2: Ground out U3 (Groundball, 34S, EV 83.1 MPH)
|
| Bottom of the 3rd over - 4 runs, 4 hits, 1 error, 2 left on base; California State University at Fullerton 0 - University of Miami 4 |
| TOP OF THE 4TH |
|
California State University at Fullerton Titans batting - Pitching for University of Miami Hurricanes : RHP Alberto Arellano
|
|
Batting: RHB Simon Sultzbach
|
0-0: Ball 1-0: Called Strike 1-1: SINGLE (Groundball, 6D, EV 103.8 MPH)
|
|
Batting: LHB Alberto Aguilar
|
0-0: Swinging Strike 0-1: Ball 1-1: Fielders Choice at 2nd, 5-4 (Groundball, 56, EV 82.5 MPH)
|
|
Batting: SHB Jason Pugh
|
0-0: Called Strike 0-1: Foul Ball, location: 2F 0-2: Strikes out swinging
|
|
Batting: RHB Justin Thomas
|
0-0: Ball Alberto Aguilar is caught stealing 2nd base 2-4
|
| Top of the 4th over - 0 runs, 1 hit, 0 errors, 0 left on base; California State University at Fullerton 0 - University of Miami 4 |
| BOTTOM OF THE 4TH |
|
University of Miami Hurricanes batting - Pitching for California State University at Fullerton Titans : RHP Alex Estrada
|
|
Batting: RHB Drew Morgenstern
|
0-0: Ball 1-0: Ground out 5-3 (Groundball, 56S, EV 71.9 MPH)
|
|
Batting: RHB Mark Kerr
|
0-0: Ball 1-0: Called Strike 1-1: Called Strike 1-2: Ball 2-2: Ball 3-2: Strikes out swinging
|
|
Batting: RHB Justin Jackson
|
0-0: Ball 1-0: Called Strike 1-1: Called Strike 1-2: Foul Ball, location: 2F 1-2: Ball 2-2: Strikes out swinging
|
| Bottom of the 4th over - 0 runs, 0 hits, 0 errors, 0 left on base; California State University at Fullerton 0 - University of Miami 4 |
| TOP OF THE 5TH |
|
California State University at Fullerton Titans batting - Pitching for University of Miami Hurricanes : RHP Alberto Arellano
|
|
Batting: RHB Justin Thomas
|
0-0: Ball 1-0: Swinging Strike 1-1: Foul Ball, location: 2F 1-2: Strikes out swinging
|
|
Batting: LHB Steve Lane
|
0-0: Ball 1-0: Called Strike 1-1: Ball 2-1: Foul Ball, location: 2F 2-2: Strikes out looking
|
|
Batting: RHB Alex Freyre
|
0-0: Swinging Strike 0-1: Ball 1-1: Swinging Strike 1-2: Strikes out looking
|
| Top of the 5th over - 0 runs, 0 hits, 0 errors, 0 left on base; California State University at Fullerton 0 - University of Miami 4 |
| BOTTOM OF THE 5TH |
|
University of Miami Hurricanes batting - Pitching for California State University at Fullerton Titans : RHP Alex Estrada
|
|
Pitching: RHP John Case
|
|
|
Batting: SHB Taylor Shelton
|
0-0: Ball 1-0: Foul Ball, location: 2F 1-1: Called Strike 1-2: Strikes out swinging
|
|
Batting: RHB Danny Gallardo
|
0-0: Ball 1-0: Ball 2-0: Called Strike 2-1: Reached via error on a dropped throw from 1B, E1 (Groundball, 34S, EV 77.5 MPH)
|
|
Batting: RHB Burke Miller
|
0-0: Called Strike 0-1: Ball Danny Gallardo is caught stealing 2nd base 2-4 1-1: Fly out, F7 (Flyball, 7S, EV 77.5 MPH)
|
| Bottom of the 5th over - 0 runs, 0 hits, 1 error, 0 left on base; California State University at Fullerton 0 - University of Miami 4 |
| TOP OF THE 6TH |
|
California State University at Fullerton Titans batting - Pitching for University of Miami Hurricanes : RHP Alberto Arellano
|
|
Batting: RHB Takayashi Hori
|
0-0: Ground out 6-3 (Groundball, 6, EV 100.6 MPH)
|
|
Batting: LHB Mike Fernandez
|
0-0: Ball 1-0: Ground out 6-3 (Groundball, 6, EV 87.5 MPH)
|
|
Batting: RHB Zach Warwick
|
0-0: Reaches on Catchers interference
|
|
Batting: RHB Simon Sultzbach
|
0-0: Ball Zach Warwick steals 2nd base 1-0: Fly out, F8 (Flyball, 8RD, EV 105.6 MPH)
|
| Top of the 6th over - 0 runs, 0 hits, 1 error, 1 left on base; California State University at Fullerton 0 - University of Miami 4 |
| BOTTOM OF THE 6TH |
|
University of Miami Hurricanes batting - Pitching for California State University at Fullerton Titans : RHP John Case
|
|
Batting: LHB Hector Salazar
|
0-0: Ball 1-0: Ball 2-0: Called Strike 2-1: Ball 3-1: SINGLE (Flyball, 6D, EV 88.1 MPH)
|
|
Batting: RHB Chris Zubia
|
0-0: Foul Ball, location: 2F 0-1: Ball 1-1: Ball 2-1: Ball 3-1: Foul Ball, location: 2F 3-2: Foul Ball, location: 2F 3-2: Foul Ball, location: 2F 3-2: SINGLE (Flyball, 34D, EV 90.6 MPH) Hector Salazar to second Hector Salazar to third
|
|
Batting: LHB Addergoole Kartosuwiryo
|
0-0: Ball 1-0: Ball 2-0: Called Strike 2-1: Swinging Strike 2-2: Strikes out swinging
|
|
Batting: RHB Drew Morgenstern
|
0-0: Foul Ball, location: 2F 0-1: Ball 1-1: Called Strike Chris Zubia is caught stealing 2nd base 2-4 1-2: Strikes out swinging
|
| Bottom of the 6th over - 0 runs, 2 hits, 0 errors, 1 left on base; California State University at Fullerton 0 - University of Miami 4 |
| TOP OF THE 7TH |
|
California State University at Fullerton Titans batting - Pitching for University of Miami Hurricanes : RHP Alberto Arellano
|
|
Batting: LHB Alberto Aguilar
|
0-0: Ball 1-0: Called Strike 1-1: Called Strike 1-2: Strikes out swinging
|
|
Batting: SHB Jason Pugh
|
0-0: Ball 1-0: Ball 2-0: Called Strike 2-1: Ball 3-1: Foul Ball, location: 2F 3-2: SINGLE (Line Drive, 5D, EV 98.1 MPH)
|
|
Batting: RHB Justin Thomas
|
0-0: Called Strike Jason Pugh steals 2nd base 0-1: Ball 1-1: Foul Ball, location: 2F 1-2: Strikes out swinging
|
|
Pitching: RHP Kieran Jesso
|
|
|
Batting: LHB Steve Lane
|
0-0: Called Strike 0-1: Foul Ball, location: 2F 0-2: Ball 1-2: Strikes out swinging
|
| Top of the 7th over - 0 runs, 1 hit, 0 errors, 1 left on base; California State University at Fullerton 0 - University of Miami 4 |
| BOTTOM OF THE 7TH |
|
University of Miami Hurricanes batting - Pitching for California State University at Fullerton Titans : RHP John Case
|
|
Pitching: RHP Jaime Zapata
|
|
|
Batting: RHB Mark Kerr
|
0-0: Ball 1-0: Called Strike 1-1: Foul Ball, location: 2F 1-2: Foul Ball, location: 2F 1-2: Foul Ball, location: 2F 1-2: Ball 2-2: Foul Ball, location: 2F 2-2: Strikes out swinging
|
|
Batting: RHB Justin Jackson
|
0-0: Ball 1-0: Ball 2-0: Ground out 6-3 (Groundball, 6, EV 101.2 MPH)
|
|
Batting: SHB Taylor Shelton
|
0-0: Ball 1-0: Foul Ball, location: 2F 1-1: Ground out 4-3 (Groundball, 4M, EV 101.9 MPH)
|
| Bottom of the 7th over - 0 runs, 0 hits, 0 errors, 0 left on base; California State University at Fullerton 0 - University of Miami 4 |
| TOP OF THE 8TH |
|
California State University at Fullerton Titans batting - Pitching for University of Miami Hurricanes : RHP Kieran Jesso
|
|
Pinch Hitting: LHB Jim Snell
|
0-0: Called Strike 0-1: Ball 1-1: Ball 2-1: Ball 3-1: Base on Balls
|
|
Batting: RHB Takayashi Hori
|
0-0: Swinging Strike 0-1: Ball 1-1: Foul Ball, location: 2F 1-2: Ball 2-2: Grounds into double play, 6-4-3 (Groundball, 6, EV 100.6 MPH)
|
|
Batting: LHB Mike Fernandez
|
0-0: Ball 1-0: Foul Ball, location: 2F 1-1: SOLO HOME RUN (Line Drive, 9D, EV 94.4 MPH), Distance : 358 ft
|
|
Batting: RHB Zach Warwick
|
0-0: Called Strike 0-1: Swinging Strike 0-2: Ground out 4-3 (Groundball, 4M, EV 81.9 MPH)
|
| Top of the 8th over - 1 run, 1 hit, 0 errors, 0 left on base; California State University at Fullerton 1 - University of Miami 4 |
| BOTTOM OF THE 8TH |
|
University of Miami Hurricanes batting - Pitching for California State University at Fullerton Titans : RHP Jaime Zapata
|
|
Pitching: RHP Julio Moreno
|
|
|
Now in LF: Jim Snell
|
|
|
Now in CF: Steve Lane
|
|
|
Batting: RHB Danny Gallardo
|
0-0: Ball 1-0: Ball 2-0: Foul Ball, location: 2F 2-1: Swinging Strike 2-2: Strikes out swinging
|
|
Batting: RHB Burke Miller
|
0-0: Called Strike 0-1: Fly out, F6 (Popup, P, EV 81.2 MPH)
|
|
Batting: LHB Hector Salazar
|
0-0: Ball 1-0: Called Strike 1-1: SINGLE (Groundball, 6D, EV 97.5 MPH)
|
|
Batting: RHB Chris Zubia
|
0-0: Ball 1-0: Foul Ball, location: 2F 1-1: Called Strike Hector Salazar is caught stealing 2nd base 2-4
|
| Bottom of the 8th over - 0 runs, 1 hit, 0 errors, 0 left on base; California State University at Fullerton 1 - University of Miami 4 |
| TOP OF THE 9TH |
|
California State University at Fullerton Titans batting - Pitching for University of Miami Hurricanes : RHP Kieran Jesso
|
|
Pitching: RHP Chris Moore
|
|
|
Batting: RHB Simon Sultzbach
|
0-0: Ball 1-0: Foul Ball, location: 2F 1-1: Swinging Strike 1-2: Ball 2-2: Ground out 6-3 (Groundball, 6MS, EV 88.8 MPH)
|
|
Batting: LHB Alberto Aguilar
|
0-0: Called Strike 0-1: Ball 1-1: Ball 2-1: Ball 3-1: Foul Ball, location: 2F 3-2: Foul Ball, location: 2F 3-2: Foul Ball, location: 2F 3-2: Foul Ball, location: 2F 3-2: Strikes out looking
|
|
Batting: SHB Jason Pugh
|
0-0: Foul Ball, location: 2F 0-1: Ball 1-1: SINGLE (Line Drive, 7S, EV 96.9 MPH)
|
|
Batting: RHB Justin Thomas
|
0-0: Foul Ball, location: 2F 0-1: Ball 1-1: Swinging Strike 1-2: Strikes out looking
|
| Top of the 9th over - 0 runs, 1 hit, 0 errors, 1 left on base; California State University at Fullerton 1 - University of Miami 4 |
|